[Event "4NCL Div 1 2024-25"]
[Site "England"]
[Date "2025.02.16"]
[Round "6.32"]
[White "Morea, Georgiana-Steluta"]
[Black "Cooke, Suzie G."]
[Result "1/2-1/2"]
[Annotator "TA"]
[ECO "D30"]
[WhiteElo "1941"]
[BlackElo "1950"]
[PlyCount "38"]
[EventDate "2024.11.23"]
[EventType "team-tourn"]
[EventCountry "ENG"]
[SourceTitle "playchess.com"]
[Source "ChessBase"]
[SourceQuality "1"]
[TimeControl "40/6000+30:3000+30"]

1. d4 e6 2. c4 d5 3. Nf3 c5 4. cxd5 exd5 5. g3 Nc6 6. Bg2 Nf6 7. O-O h6 8. a3 {[%emt 0:03:31] D30: Queen's Gambit Declined: Systems without Nc3.} c4 9. Nc3 Bf5 (9... Be7 $11 {keeps the balance.}) 10. Ne5 $146 {[%emt 0:07:16] White is better.} ({Predecessor:} 10. b3 Ne4 11. Bb2 Nxc3 12. Bxc3 Be4 13. Ra2 Be7 14. bxc4 dxc4 15. d5 Qxd5 16. Rd2 {1-0 Kaniak,M (1887)-Nawrot,A (1967) POL-ch U18 Girls 2006 (9)}) 10... Be7 {[%emt 0:11:53] [#]} 11. Nxd5 $1 Nxd5 {[%emt 0:00:26] [#]} 12. e4 $1 Be6 ({Not} 12... Nxe5 $2 13. dxe5 $18) 13. exd5 Bxd5 14. Nxc6 ({White should try} 14. Bxd5 $16 Qxd5 15. Nxc6 bxc6 16. Re1) 14... bxc6 $11 15. Qg4 Bf6 16. Re1+ Kf8 17. Bd2 Bxg2 18. Bb4+ Kg8 19. Kxg2 Qxd4 {[%emt 0:02:17] Weighted Error Value: White=0.20 (precise) /Black=0.24 (precise)   Mistake:       	White=1     	Black=2      Inaccurate:     	White=1     	Black=2      OK:         	White=2     	Black=3      Best:        	White=2     	Black=2      Strong:       	White=1     	---} (19... Qd5+ $11 20. Qe4 g6) 1/2-1/2

[Event "4NCL Div 1 2024-25"]
[Site "England"]
[Date "2025.02.16"]
[Round "6.33"]
[White "Kovchan, Alexander"]
[Black "Larkin, Vladyslav"]
[Result "1/2-1/2"]
[Annotator "ChessBase"]
[ECO "B15"]
[WhiteElo "2453"]
[BlackElo "2455"]
[PlyCount "23"]
[EventDate "2024.11.23"]
[EventType "team-tourn"]
[EventCountry "ENG"]
[SourceTitle "playchess.com"]
[Source "ChessBase"]
[SourceQuality "1"]
[TimeControl "40/6000+30:3000+30"]

1. e4 c6 2. d4 d5 3. Nd2 dxe4 4. Nxe4 Nf6 5. Ng3 e5 6. Nf3 exd4 7. Qxd4 Qxd4 8. Nxd4 g6 9. Be2 Bg7 10. O-O O-O 11. c3 Re8 12. h3 1/2-1/2

[Event "4NCL Div 1 2024-25"]
[Site "England"]
[Date "2025.02.16"]
[Round "6.34"]
[White "Bottazzi, Ulysse"]
[Black "Macak, Stefan"]
[Result "1-0"]
[Annotator "ChessBase"]
[ECO "B85"]
[WhiteElo "2344"]
[BlackElo "2310"]
[PlyCount "63"]
[EventDate "2024.11.23"]
[EventType "team-tourn"]
[EventCountry "ENG"]
[SourceTitle "playchess.com"]
[Source "ChessBase"]
[SourceQuality "1"]
[TimeControl "40/6000+30:3000+30"]

1. e4 c5 2. Nf3 e6 3. d4 cxd4 4. Nxd4 a6 5. Be2 Qc7 6. O-O Nf6 7. Nc3 Nc6 8. Be3 Be7 9. f4 d6 10. Qe1 Bd7 11. Qg3 O-O 12. Kh1 Nxd4 13. Bxd4 Bc6 14. Rae1 b5 15. a3 Qb7 16. Bd3 g6 17. f5 e5 18. Be3 b4 19. axb4 Qxb4 20. Qh4 d5 21. Bg5 dxe4 22. Bxf6 Bxf6 23. Qxf6 exd3 24. Qxc6 dxc2 25. Nd5 Qxb2 26. Qf6 Ra7 27. Ne7+ Rxe7 28. Qxe7 f6 29. fxg6 hxg6 30. Qc7 Rf7 31. Qc4 Kg7 32. Rc1 1-0

[Event "4NCL Div 1 2024-25"]
[Site "England"]
[Date "2025.02.16"]
[Round "6.35"]
[White "Yoon, Jacob D"]
[Black "Maycock Bates, David Henry"]
[Result "1/2-1/2"]
[Annotator "ChessBase"]
[ECO "A50"]
[WhiteElo "2270"]
[BlackElo "2290"]
[PlyCount "123"]
[EventDate "2024.11.23"]
[EventType "team-tourn"]
[EventCountry "ENG"]
[SourceTitle "playchess.com"]
[Source "ChessBase"]
[SourceQuality "1"]
[TimeControl "40/6000+30:3000+30"]

1. d4 Nf6 2. c4 e6 3. g4 d5 4. g5 Ne4 5. Bg2 Bb4+ 6. Kf1 Be7 7. h4 f5 8. Nc3 c6 9. Bf4 Nd7 10. Rc1 Nf8 11. Be5 Kf7 12. e3 h6 13. Nxe4 fxe4 14. g6+ Nxg6 15. Qh5 Qe8 16. f3 Rf8 17. fxe4 Kg8+ 18. Ke1 Nf4 19. Qg4 Nd3+ 20. Kd2 Nxe5 21. dxe5 Qd8 22. Kc2 dxc4 23. Rd1 Qa5 24. Ne2 Qxe5 25. Nf4 Bf6 26. Rd4 Qc5 27. e5 Bxe5 28. Be4 Rxf4 29. Rd8+ Rf8 30. Rf1 Rxd8 31. Qg6 Rd2+ 32. Kxd2 c3+ 33. Kc2 cxb2+ 34. Kb1 Qc1+ 35. Rxc1 bxc1=Q+ 36. Kxc1 Bd7 37. Qh5 Bf6 38. Bg6 Be7 39. Bf7+ Kf8 40. Qf3 Bf6 41. Bg6 Ke7 42. h5 Rc8 43. Kb1 b6 44. e4 Be5 45. Qa3+ c5 46. Qxa7 b5 47. Kc2 b4 48. Qa5 Kd6 49. Qa6+ Ke7 50. Qa5 Rc7 51. Qa8 Bc6 52. Qa5 Kd6 53. Qb6 Rc8 54. Kb3 Ra8 55. Kc4 Bd4 56. Bf7 Rc8 57. Bg6 Ke5 58. Qa6 Rc7 59. Qb6 Rc8 60. Qa6 Rc7 61. Qb6 Rc8 62. Qa6 1/2-1/2

[Event "4NCL Div 1 2024-25"]
[Site "England"]
[Date "2025.02.16"]
[Round "6.36"]
[White "Bezuidenhout, Roland"]
[Black "Badacsonyi, Stanley"]
[Result "1/2-1/2"]
[Annotator "ChessBase"]
[ECO "A08"]
[WhiteElo "2285"]
[BlackElo "2298"]
[PlyCount "54"]
[EventDate "2024.11.23"]
[EventType "team-tourn"]
[EventCountry "ENG"]
[SourceTitle "playchess.com"]
[Source "ChessBase"]
[SourceQuality "1"]
[TimeControl "40/6000+30:3000+30"]

1. e4 e6 2. d3 d5 3. Nd2 c5 4. Ngf3 Nc6 5. g3 g6 6. Bg2 Bg7 7. O-O Nge7 8. Re1 O-O 9. c3 Qc7 10. exd5 exd5 11. Nb3 b6 12. Bf4 Qd8 13. d4 c4 14. Nbd2 Be6 15. Ne5 Nxe5 16. Bxe5 Rc8 17. Bxg7 Kxg7 18. h4 Qd6 19. Qe2 Rfe8 20. Nf1 Rcd8 21. Ne3 h5 22. Qd2 f6 23. Bf3 Bf7 24. Re2 Nc6 25. Rae1 Qd7 26. Ng2 Rxe2 27. Rxe2 Qf5 1/2-1/2

[Event "4NCL Div 1 2024-25"]
[Site "England"]
[Date "2025.02.16"]
[Round "6.37"]
[White "Badacsonyi, Frankie"]
[Black "Banerjee, Supratit"]
[Result "1/2-1/2"]
[Annotator "ChessBase"]
[ECO "E70"]
[WhiteElo "2266"]
[BlackElo "2141"]
[PlyCount "118"]
[EventDate "2024.11.23"]
[EventType "team-tourn"]
[EventCountry "ENG"]
[SourceTitle "playchess.com"]
[Source "ChessBase"]
[SourceQuality "1"]
[TimeControl "40/6000+30:3000+30"]

1. d4 Nf6 2. c4 g6 3. Nc3 Bg7 4. e4 d6 5. Nge2 O-O 6. Ng3 h5 7. Be2 a5 8. h4 Nc6 9. d5 Ne5 10. Bg5 Nh7 11. Be3 Ng4 12. Bd4 Bh6 13. Bxg4 Bxg4 14. f3 Bd7 15. Nf1 e5 16. Be3 Bg7 17. g4 hxg4 18. fxg4 f5 19. gxf5 gxf5 20. exf5 Kh8 21. Ng3 e4 22. Bd4 Qe7 23. Rg1 Be5 24. Qd2 b5 25. cxb5 a4 26. O-O-O a3 27. b3 Rae8 28. Bxe5+ Qxe5 29. Ngxe4 Rxf5 30. Ng5 Nxg5 31. Rxg5 Rxg5 32. hxg5 Kg8 33. Qd4 Qxg5+ 34. Kb1 Qg2 35. Qg1 Qxg1 36. Rxg1+ Kf7 37. Rf1+ Kg6 38. Rf4 Re1+ 39. Kc2 Bf5+ 40. Kd2 Rh1 41. Rc4 Rh7 42. Rc6 Kf6 43. b6 cxb6 44. Rxd6+ Ke5 45. Rxb6 Rh2+ 46. Ke1 Rh1+ 47. Kf2 Rh2+ 48. Kg1 Rc2 49. Rc6 Bd7 50. Rc4 Bf5 51. Rc7 Kd4 52. Nb5+ Kxd5 53. Ra7 Kc5 54. Nxa3 Rxa2 55. Ra4 Bd3 56. b4+ Kb6 57. Nc4+ Bxc4 58. Rxa2 Bxa2 59. b5 Kxb5 1/2-1/2

[Event "4NCL Div 1 2024-25"]
[Site "England"]
[Date "2025.02.16"]
[Round "6.38"]
[White "Finn, Peter"]
[Black "Pang, Ethan"]
[Result "1-0"]
[Annotator "ChessBase"]
[ECO "D02"]
[WhiteElo "2199"]
[BlackElo "2303"]
[PlyCount "151"]
[EventDate "2024.11.23"]
[EventType "team-tourn"]
[EventCountry "ENG"]
[SourceTitle "playchess.com"]
[Source "ChessBase"]
[SourceQuality "1"]
[TimeControl "40/6000+30:3000+30"]

1. d4 d5 2. Nf3 Nf6 3. g3 c5 4. Bg2 cxd4 5. O-O e6 6. Nxd4 e5 7. Nb3 Be6 8. c4 Nc6 9. cxd5 Nxd5 10. N1d2 Qc7 11. Ne4 Rd8 12. Bd2 Be7 13. Rc1 O-O 14. Qc2 Qb6 15. Ng5 Bxg5 16. Bxg5 f6 17. Bxd5 Bxd5 18. Be3 Qb5 19. Rfd1 Rfe8 20. Qc5 Qxc5 21. Nxc5 Ne7 22. Nd3 b6 23. Rc7 Nc6 24. Rc1 Rd6 25. b4 Red8 26. b5 Na5 27. Rxa7 Nc4 28. Nb4 Be4 29. f3 Nxe3 30. fxe4 f5 31. Nd5 Nxd5 32. exd5 Rxd5 33. Rcc7 Rxb5 34. Rxg7+ Kh8 35. Rxh7+ Kg8 36. Rhg7+ Kh8 37. Rgf7 e4 38. Kf2 Re5 39. Rfb7 b5 40. Ra5 f4 41. gxf4 Rh5 42. Raxb5 Rxh2+ 43. Ke3 Re8 44. Re5 Ra8 45. Rxe4 Ra3+ 46. Rb3 Rxa2 47. Kd3 Kg7 48. Re5 Kf6 49. e3 Rhd2+ 50. Ke4 Rd6 51. Rf5+ Ke6 52. Rfb5 Raa6 53. Rh5 Ra4+ 54. Kf3 Kd7 55. Rbb5 Re6 56. Rhd5+ Kc6 57. Rbc5+ Kb6 58. Rc3 Ra1 59. Rd2 Rb1 60. Rf2 Rb5 61. e4 Rh6 62. Rc1 Rh4 63. Kg3 Rh8 64. f5 Rb3+ 65. Kg4 Re8 66. Re2 Rg8+ 67. Kf4 Rf8 68. e5 Rb4+ 69. Kg5 Rg8+ 70. Kf6 Rf8+ 71. Ke6 Kb7 72. f6 Kb8 73. Rcc2 Rd4 74. Ke7 Rdd8 75. f7 Rh8 76. Rc1 1-0

[Event "4NCL Div 1 2024-25"]
[Site "England"]
[Date "2025.02.16"]
[Round "6.39"]
[White "Mirzoeva, Elmira"]
[Black "Jarocka, Liwia"]
[Result "1/2-1/2"]
[Annotator "ChessBase"]
[ECO "D27"]
[WhiteElo "2258"]
[BlackElo "2267"]
[PlyCount "71"]
[EventDate "2024.11.23"]
[EventType "team-tourn"]
[EventCountry "ENG"]
[SourceTitle "playchess.com"]
[Source "ChessBase"]
[SourceQuality "1"]
[TimeControl "40/6000+30:3000+30"]

1. d4 Nf6 2. c4 e6 3. Nf3 d5 4. Nc3 dxc4 5. e3 a6 6. Bxc4 b5 7. Be2 Bb7 8. O-O Nbd7 9. a3 c5 10. dxc5 Bxc5 11. b4 Ba7 12. Bb2 O-O 13. Qb3 Bb8 14. Rfd1 Qc7 15. Rac1 Bxf3 16. Bxf3 Qxh2+ 17. Kf1 Ra7 18. Ke2 Qh4 19. Rh1 Qg5 20. Ne4 Qg6 21. Nxf6+ Nxf6 22. Rc6 Rd8 23. Rhc1 Rad7 24. Rc8 h6 25. Rxd8+ Rxd8 26. Qc2 Qg5 27. Qc5 e5 28. Rd1 Rxd1 29. Kxd1 Qf5 30. Ke2 Qe6 31. Bb7 Kh7 32. Qc8 Qb3 33. Qc3 Qe6 34. Qc8 Qb3 35. Qc3 Qe6 36. Qc8 1/2-1/2

[Event "4NCL Div 1 2024-25"]
[Site "England"]
[Date "2025.02.16"]
[Round "6.40"]
[White "Stewart, Ashley"]
[Black "Villiers, Thomas"]
[Result "1-0"]
[Annotator "ChessBase"]
[ECO "A25"]
[WhiteElo "2057"]
[BlackElo "2182"]
[PlyCount "121"]
[EventDate "2024.11.23"]
[EventType "team-tourn"]
[EventCountry "ENG"]
[SourceTitle "playchess.com"]
[Source "ChessBase"]
[SourceQuality "1"]
[TimeControl "40/6000+30:3000+30"]

1. c4 e5 2. g3 Nc6 3. Nc3 f5 4. Bg2 Nf6 5. e3 e4 6. d3 Bb4 7. Nge2 O-O 8. O-O d6 9. dxe4 fxe4 10. Nxe4 Bg4 11. a3 Ba5 12. b4 Nxe4 13. Bxe4 Qf6 14. Rb1 Bb6 15. Bb2 Qh6 16. Qd5+ Be6 17. Qxe6+ Qxe6 18. Bd5 Qxd5 19. cxd5 Ne5 20. Bxe5 dxe5 21. Nc3 Rad8 22. Rbd1 Rf7 23. Rd2 Rfd7 24. Rfd1 Kf7 25. Kf1 Ke7 26. Ke2 a6 27. Ne4 h6 28. g4 a5 29. b5 Rf8 30. a4 g6 31. h4 Rfd8 32. Ng3 Bc5 33. h5 Kf7 34. hxg6+ Kxg6 35. e4 Rh7 36. Rh1 Be7 37. Nf5 Bg5 38. Rd3 Rf8 39. d6 cxd6 40. Rxd6+ Rf6 41. Rhd1 Bf4 42. Rxf6+ Kxf6 43. b6 Kg5 44. Kf3 h5 45. gxh5 Rxh5 46. Rd7 Rh3+ 47. Ng3 Bxg3 48. fxg3 Rh1 49. Rxb7 Rb1 50. Rb8 Rb3+ 51. Ke2 Kg6 52. b7 Kg7 53. Kf2 Rb2+ 54. Kf3 Rb4 55. Kg2 Kh7 56. Kh3 Kg7 57. g4 Kg6 58. Rg8+ Kh6 59. b8=Q Rb7 60. Qd6+ Kh7 61. Qg6# 1-0